 Dungeon Sprint DCSS version 0.30-a0-360-g447f08457e (webtiles) character file.

Game seed: 9151825100569806649

665 Pestilence the Fighter (level 7, -4/63 HPs)
             Began as a Demonspawn Gladiator on Nov 13, 2022.
             Was a Believer of Makhleb.
             Slain by a wyvern (5 damage)
             ... in the Dungeon (Sprint IX: "|||||||||||||||||||||||||||||").
             The game lasted 00:02:07 (558 turns).

Pestilence the Fighter (Demonspawn Gladiator)        Turns: 558, Time: 00:02:08

Health: -4/63      AC: 13    Str: 16    XL:     7   Next: 31%
Magic:  2/2        EV: 10    Int: 10    God:    Makhleb [**....]
Gold:   0          SH:  0    Dex: 21    Spells: 6/6 levels left

rFire   + + .      SeeInvis .    m - +2 halberd "Trog's Fury" {antimagic, rF++ rC+ Dex+4}
rCold   + . .      Faith    .    (shield currently unavailable)
rNeg    . . .      Spirit   .    n - +1 chain mail
rPois   .          Reflect  .    c - +0 helmet
rElec   .          Harm     .    (no cloak)
rCorr   .          Rampage  .    a - +0 pair of gloves
Will    .....      NoTele   +    (no boots)
Stlth   ..........               (no amulet)
HPRegen 0.30/turn                o - +2 ring of protection
MPRegen 0.08/turn                p - +3 ring of dexterity

@: slowed, very slow
A: demonic guardian 2, powered by death 1
a: Renounce Religion, Minor Destruction


You were in the Dungeon.
You worshipped Makhleb.
Makhleb was pleased with you.
You visited 1 branch

Inventory:

Hand Weapons
 m - the +2 halberd "Trog's Fury" (weapon) {antimagic, rF++ rC+ Dex+4}
   (You found it in the Dungeon)

   It reduces the magical energy of the wielder, and disrupts the spells and
   magical abilities of those it strikes.
   Natural abilities and divine invocations are not affected.
   Dex:       It affects your dexterity (+4).
   rF:        It greatly protects you from fire.
   rC:        It protects you from cold.
Missiles
 d - 3 throwing nets (quivered)
 e - a javelin
Armour
 a - a +0 pair of gloves (worn)
 c - a +0 helmet (worn)
 n - a +1 chain mail (worn)
Jewellery
 o - a +2 ring of protection (left hand)
 p - a +3 ring of dexterity (right hand)
Wands
 l - a wand of iceblast (8)
Scrolls
 j - 2 scrolls of amnesia
Potions
 f - a potion of invisibility
 h - 4 potions of curing
 i - 4 potions of magic


   Skills:
 + Level 8.7 Fighting
 + Level 8.2 Long Blades
 + Level 5.9 Polearms
 - Level 1.7 Throwing
 + Level 8.2 Dodging


You had 6 spell levels left.
You didn't know any spells.
Your spell library was empty.

Dungeon Overview and Level Annotations

Branches:
Dungeon (1/1)

Altars:
Cheibriados
Dithmenos
Fedhas
Gozag
Hepliaklqana
Kikubaaqudgha
Makhleb
Nemelex Xobeh
Okawaru
Qazlal
Ru
Sif Muna
Trog
Uskayaw
Vehumet
Wu Jian
Xom
Yredelemnul
Jiyva
Lugonu


Innate Abilities, Weirdness & Mutations

A demonic guardian rushes to your aid.
You regenerate a little health from kills.


Message History

Aim: a wyvern (lightly wounded)
The mass of ice explodes!
The iceblast engulfs the wyvern!
The wyvern is moderately wounded.
Unknown command.
There are monsters nearby!
Aiming: Iceblast
Press: ? - help, Shift-Dir - straight line, f/p - wyvern
Aim: a wyvern (moderately wounded)
The mass of ice explodes!
The iceblast engulfs the wyvern!
The wyvern is severely wounded.
The wyvern bites you but does no damage.
The wyvern bites you.
Unknown command.
Unknown command.
You closely miss the wyvern.
The wyvern is severely wounded.
The wyvern misses you. The wyvern bites you.
You completely miss the wyvern.
The wyvern is severely wounded.
The wyvern bites you! The wyvern misses you. The wyvern bites you.
You hit the wyvern but do no damage.
The wyvern is severely wounded.
The wyvern barely misses you. x2; The wyvern closely misses you.
You closely miss the wyvern.
The wyvern is severely wounded.
The wyvern misses you. The wyvern barely misses you.
The wyvern bites you but does no damage.
You hit the wyvern but do no damage.
The wyvern is severely wounded.
The wyvern bites you!
* * * LOW HITPOINT WARNING * * *
The wyvern barely misses you.
You hit the wyvern.
The wyvern is almost dead.
The wyvern bites you!
* * * LOW HITPOINT WARNING * * *
A demonic guardian appears!
The wyvern bites you.
* * * LOW HITPOINT WARNING * * *
The wyvern bites you.
You die...

▓_▓
▓_▓
▓_▓
▓_▓
▓_▓
▓_▓
▓4▓
▓'▓
▓@▓
▓l▓
▓l▓
▓.▓
▓[▓
▓.▓
▓[▓
▓.▓
▓†▓


You could see a komodo dragon, a wyvern (ally target) and a friendly ice devil
(summoned).

Vanquished Creatures
  A wraith (D)
  A centaur (D)
  A phantom (D)
  A hound (D)
  An iguana (D)
  An orc wizard (D)
  An orc (D)
  An endoplasm (D)
  2 kobolds (D)
  A quokka (D)
  A frilled lizard (D)
12 creatures vanquished.

Vanquished Creatures (collateral kills)
  A hornet (D)
  An ogre (D)
2 creatures vanquished.

Grand Total: 14 creatures vanquished

Notes
Turn   | Place    | Note
-------+----------+-------------------------------------------
     0 | D        | Pestilence the Demonspawn Gladiator began the quest for the
                  | Orb.
     0 | D        | Reached XP level 1. HP: 16/16 MP: 1/1
    50 | D        | Noticed a phantom
    50 | D        | Noticed a hound
    50 | D        | Noticed an ogre
    50 | D        | Noticed an iguana
    63 | D        | Killed a phantom
    64 | D        | Reached skill level 5 in Fighting
    64 | D        | Reached skill level 5 in Long Blades
    64 | D        | Reached skill level 5 in Dodging
    64 | D        | Gained mutation: You regenerate a little health from kills.
                  | [demonic ancestry]
    64 | D        | Reached XP level 2. HP: 27/27 MP: 2/2
    64 | D        | Gained mutation: A weak demonic guardian rushes to your
                  | aid. [demonic ancestry]
    64 | D        | Reached XP level 3. HP: 33/33 MP: 3/3
    64 | D        | Reached XP level 4. HP: 39/39 MP: 4/4
   345 | D        | Found a snail-covered altar of Cheibriados.
   345 | D        | Found a shadowy altar of Dithmenos.
   345 | D        | Found a blossoming altar of Fedhas.
   345 | D        | Found an opulent altar of Gozag.
   346 | D        | Found a hazy altar of Hepliaklqana.
   347 | D        | Found a viscous altar of Jiyva.
   348 | D        | Found an ancient bone altar of Kikubaaqudgha.
   349 | D        | Found a corrupted altar of Lugonu.
   350 | D        | Found a burning altar of Makhleb.
   351 | D        | Found a sparkling altar of Nemelex Xobeh.
   352 | D        | Found an iron altar of Okawaru.
   353 | D        | Found a stormy altar of Qazlal.
   354 | D        | Found a sacrificial altar of Ru.
   355 | D        | Found a shimmering blue altar of Sif Muna.
   356 | D        | Found a bloodstained altar of Trog.
   357 | D        | Found a hide-covered altar of Uskayaw.
   358 | D        | Became a worshipper of Makhleb the Destroyer
   359 | D        | Found a radiant altar of Vehumet.
   360 | D        | Found an ornate altar of the Wu Jian Council.
   361 | D        | Found a shimmering altar of Xom.
   362 | D        | Found a basalt altar of Yredelemnul.
   380 | D        | Got the +2 halberd "Trog's Fury" {antimagic, rF++ rC+
                  | Dex+4}
   454 | D        | Reached skill level 1 in Polearms
   460 | D        | Killed an ogre
   460 | D        | Reached * piety under Makhleb
   461 | D        | Reached XP level 5. HP: 44/47 MP: 1/5
   510 | D        | Noticed a centaur
   510 | D        | Noticed a wraith
   510 | D        | Noticed a hornet
   510 | D        | Noticed a wyvern
   510 | D        | Noticed a komodo dragon
   514 | D        | Killed a centaur
   515 | D        | Gained mutation: A demonic guardian rushes to your aid.
                  | [demonic ancestry]
   515 | D        | Reached XP level 6. HP: 52/55 MP: 2/6
   534 | D        | Killed a wraith
   534 | D        | Reached ** piety under Makhleb
   535 | D        | Reached skill level 5 in Polearms
   540 | D        | Killed a hornet
   541 | D        | Reached XP level 7. HP: 44/63 MP: 2/7
   558 | D        | HP: 1/63 [wyvern (3)]
   558 | D        | Slain by a wyvern

Illustrated notes

Levels and vault maps discovered:
D:        linesprint [early_d, line_temple, items_1, d_10, items_2, lair_1,
          lair_end, items_3, orc_1, orc_end, items_4, d_15, swamp_1, shoals_1,
          snake_1, spider_1, d_20, vaults_1, items_5, swamp_end, shoals_end,
          snake_end, spider_end, vaults_end, d_27, items_6, zot_1, zot_end,
          crypt_end, forest_end, elf_end, slime_end, tomb_end, abyss_end,
          pan_hell_end]

Skill      XL: |  1  2  3  4  5  6 |
---------------+-------------------+-----
Long Blades    | 5 6 7 8 |  8.2
Dodging        | 5 6 7 8 |  8.2
Fighting       | 5 6 7 8 |  8.7
Polearms       | 3 4 5 |  5.9
Throwing       | |  1.7

Action                   |  1- 3 |  4- 6 |  7- 9 || total
-------------------------+-------+-------+-------++-------
Melee: Long sword        |    24 |     8 |       ||    32
       Halberd           |       |    31 |    11 ||    42
Evoke: Wand              |       |       |     2 ||     2
  Use: Potion            |     1 |     4 |     1 ||     6
       Scroll            |       |     1 |     1 ||     2
Armor: Leather armour    |     1 |     2 |       ||     3
       Chain mail        |       |    14 |    10 ||    24
Dodge: Dodged            |    18 |    39 |    14 ||    71

Table legend: (Time is in decaauts)
 A = Elapsed time spent in this place.
 B = Non-inter-level travel time spent in this place.
 C = Inter-level travel time spent in this place.
 D = Time resting spent in this place.
 E = Time spent auto-exploring this place.
 F = Levels seen in this place.
 G = Mean time per level.
                   A        B        C        D        E       F      G
               +--------+--------+--------+--------+--------+-----+--------+
         Total |    581 |    581 |      0 |    264 |      0 |   1 |  581.0 |
       Dungeon |    581 |    581 |      0 |    264 |      0 |   1 |  581.0 |
               +--------+--------+--------+--------+--------+-----+--------+

Top non-repeatable levels by time:
       D: 581 daAuts
